 Dungeon Crawl Stone Soup version 0.26.1 (webtiles) character file.

Game seed: 1915584914421798033

58 Electrofox the Changer (level 3, 0/28 HPs)
             Began as a Draconian Transmuter on Feb 6, 2021.
             Slain by a worker ant (1 damage)
             ... on level 2 of the Dungeon.
             The game lasted 00:11:41 (2346 turns).

Electrofox the Changer (Draconian Transmuter)       Turns: 2346, Time: 00:11:42

Health: 0/28       AC:  5    Str: 12    XL:     3   Next: 76%
Magic:  7/7        EV: 12    Int: 14    God:
Gold:   112        SH:  0    Dex: 11    Spells: 5/8 levels left

rFire    . . .     SeeInvis .     - Unarmed
rCold    . . .     Faith    .   (no shield)
rNeg     . . .     Spirit   .   (armour unavailable)
rPois    .         Reflect  .   (helmet currently unavailable)
rElec    .         Harm     .   (no cloak)
rCorr    .         Rampage  .   (no gloves)
Will     .....                  (boots currently unavailable)
Stlth    +.........             (no amulet)
HPRegen  0.09/turn              (no ring)
MPRegen  0.10/turn              (no ring)

@: lethally poisoned (0 -> -8), appendages (expiring)
A: unfitting armour, horns 2, talons 2, cold-blooded, AC +5
a: End Transformation


You were on level 2 of the Dungeon.
You had grown temporary horns.
You had grown temporary talons.
You visited 1 branch of the dungeon, and saw 2 of its levels.

You collected 112 gold pieces.

Inventory:

Hand Weapons
 b - a +0 hunting sling
Missiles
 d - 5 boomerangs of dispersal
 h - 12 stones
Jewellery
 g - an uncursed ring of protection from cold {unknown}
Wands
 i - a wand of digging (4)
Scrolls
 a - 3 scrolls of identify {unknown}
Potions
 c - a potion of heal wounds {unknown}
 e - a potion of attraction {unknown}
 f - a potion of haste {unknown}


   Skills:
 - Level 1.1 Fighting
 - Level 1.7 Dodging
 - Level 3.0 Unarmed Combat
 + Level 3.0 Spellcasting
 + Level 3.2 Transmutations


You had 5 spell levels left.
You knew the following spells:

 Your Spells              Type           Power        Failure   Level
a - Beastly Appendage     Tmut           22%          5%          1
b - Wereblood             Tmut           11%          9%          2

Your spell library contained the following spells:

 Spells                   Type           Power        Failure   Level
 Spider Form              Tmut/Pois      3%           32%         3
 Ice Form                 Ice/Tmut       6%           73%         4
 Blade Hands              Tmut           5%           83%         5


Dungeon Overview and Level Annotations

Branches:
Dungeon (2/15)

Altars:
Ru

Annotations:
D:2 exclusion: adder


Innate Abilities, Weirdness & Mutations

Your plain brown scales are hard. (AC +5)
You cannot fit into any form of body armour.
You are cold-blooded and may be slowed by cold attacks.
You have a pair of horns on your head.
You have razor-sharp toenails.


Message History

* * * LOW HITPOINT WARNING * * *
You completely miss the worker ant. You claw the worker ant.
The worker ant is heavily wounded.
* * * LOW HITPOINT WARNING * * *
You feel sick.
The worker ant bites you but does no damage.
You hit the worker ant. Your kick misses the worker ant.
You headbutt the worker ant, but do no damage.
The worker ant is heavily wounded.
* * * LOW HITPOINT WARNING * * *
You feel sick. The worker ant bites you.
* * * LOW HITPOINT WARNING * * *
You hit the worker ant but do no damage.
You claw the worker ant.
You tail-slap the worker ant, but do no damage.
The worker ant is severely wounded.
The worker ant bites you.
* * * LOW HITPOINT WARNING * * *
The worker ant bites you.
You die...

##.......##
#..##...
##...†.....# .((
###..#....
.+.........+ .(.
#...†.....
##.........# ...
###.)....#
##.......## ##.##
# ##.##.##
##.....## #...##.#
#.#### ##...##
#..... #...# ##'##
#.B.# ###.# #.#
#@# #.# #####.###
#.# #.# #.......#
#.# #.# #.......#
#.# ##.##
##.......#######.#
#...##
.................#
#.....
##.......#########
#...## #.......#
##### #.......#


You could see a worker ant.

Vanquished Creatures
  2 adders (D:2)
  A worm (D:2)
  A dart slug (D:2)
  8 bats
  A bat zombie (D:1)
  3 goblins
  2 hobgoblins
  11 kobolds
  A frilled lizard (D:2)
  A giant cockroach zombie (D:1)
  4 rats
35 creatures vanquished.

Notes
Turn   | Place    | Note
-------+----------+-------------------------------------------
     0 | D:1      | Electrofox the Draconian Transmuter began the quest for the
                  | Orb.
     0 | D:1      | Reached XP level 1. HP: 16/16 MP: 3/3
   474 | D:1      | Reached XP level 2. HP: 23/23 MP: 5/5
  1380 | D:1      | Learned a level 2 spell: Wereblood
  1422 | D:2      | Reached XP level 3. HP: 28/28 MP: 7/7
  1968 | D:2      | Found a sacrificial altar of Ru.
  2345 | D:2      | HP: 1/28 [worker ant (2)]
  2346 | D:2      | Slain by a worker ant

Illustrated notes

Levels and vault maps discovered:
D:1:      saegor_arrival_fortress, layout_loops_ring, nrook_uturn,
          roderic_lattice_a
D:2:      layout_loops_corners, lemuel_round_altar, chequers_garden,
          nicolae_ru_sacrificial_ziggurat

Skill      XL: |  1  2  3 |
---------------+----------+-----
Transmutations | 3 |  3.2
Spellcasting   | 3 |  3.0
Fighting       | |  1.1
Dodging        | |  1.7
Unarmed Combat | |  3.0

Action                   || total
-------------------------++-------
Melee: Unarmed           ||   134
       Tailslap          ||    10
       Punch             ||     3
       Kick              ||    10
       Headbutt          ||     2
 Fire: Hunting sling     ||    11
 Cast: Beastly Appendage ||     6
Armor: Skin              ||    48
Dodge: Dodged            ||    66
